 Dungeon Crawl Stone Soup version 0.32-a0-43-g058985b245 (webtiles) character file.

Game seed: 13176159088621144877

5767 FaerieMacabre the Thaumaturge (level 10, -6/85 HPs)
             Began as a Mummy Hedge Wizard on Feb 4, 2024.
             Was an Initiate of Hepliaklqana.
             Mangled by Erica
             ... wielding a +2 scimitar of flaming
              (7 damage)
             ... on level 8 of the Dungeon.
             The game lasted 00:16:07 (13121 turns).

FaerieMacabre the Thaumaturge (Mummy Hedge Wizard) Turns: 13121, Time: 00:16:08

Health: -6/85      AC:  6    Str: 14    XL:     10   Next: 49%
Magic:  6/33       EV:  9    Int: 21    God:    Hepliaklqana [......]
Gold:   350        SH:  0    Dex: 11    Spells: 23/29 levels left

rFire   x . .        k - +2 whip (venom)
rCold   + . .        (no shield)
rNeg    + + +        b - +0 robe
rPois   ∞            i - +0 hat {Int+3}
rElec   .            m - +0 cloak {rCorr}
rCorr   +            (no gloves)
SInv    .            e - +2 pair of boots
Will    +....        (no amulet)
Stlth   ++           W - ring of magical power
HPRegen 0.34/turn    (no ring)
MPRegen 0.23/turn

%: faith
@: very slightly contaminated, slowed, constricted, very slow
A: cold resistance 1, negative energy resistance 3, torment resistance 2, heat
vulnerability 1, in touch with death 1, no potions, faith
a: Renounce Religion


You were on level 8 of the Dungeon.
You worshipped Hepliaklqana.
Hepliaklqana was noncommittal.
You visited 2 branches of the dungeon, and saw 9 of its levels.

You collected 350 gold pieces.


Innate Abilities, Weirdness & Mutations

You are immune to poison.
Your flesh is cold resistant. (rC+)
You are immune to negative energy. (rN+++)
You are immune to unholy pain and torment.
You are vulnerable to heat. (rF-)
You are in touch with the powers of death.
You do not drink.
You have a special connection with the divine. (Faith)


   Skills:
 - Level 10.0 Fighting
 + Level 2.5 Dodging
 - Level 1.5 Stealth
 - Level 10.0 Spellcasting
 - Level 5.0 Conjurations
 - Level 0.7 Summonings
 - Level 2.8 Translocations
 - Level 5.0 Air Magic
 + Level 0.7 Invocations


You had 23 spell levels left.
You knew the following spells:

 Your Spells              Type           Power      Damage    Failure   Level
b - Blink                 Tloc           44%        N/A       3%          2
m - Magic Dart            Conj           100%       1d8       1%          1
s - Stone Arrow           Conj/Erth      42%        3d9       7%          3

Your spell library contained the following spells:

 Spells                   Type           Power      Damage    Failure   Level
 Apportation              Tloc           44%        N/A       1%          1
 Static Discharge         Conj/Air       62%        3-6/arc   1%          2
 Sting                    Conj/Alch      84%        1d8       2%          1
 Summon Small Mammal      Summ           52%        N/A       4%          1
 Cigotuvi's Dreadful Rot  Necr/Alch/Air  52%        N/A       4%          2
 Mephitic Cloud           Conj/Alch/Air  24%        N/A       4%          3
 Necrotise                Necr           60%        1d7       6%          1
 Sandblast                Erth           20%        2d7       6%          1
 Slow                     Hex            40%        N/A       6%          1
 Dazzling Flash           Conj/Hex       42%        N/A       7%          3
 Call Imp                 Summ           26%        N/A       8%          2
 Airstrike                Air            15%        2d(3-19)  9%          4
 Jinxbite                 Hex            20%        N/A       10%         2
 Confusing Touch          Hex            10%        N/A       19%         3
 Passwall                 Erth           10%        N/A       19%         3
 Sigil of Binding         Hex            10%        N/A       19%         3
 Vampiric Draining        Necr           15%        2d7       19%         3
 Summon Lightning Spire   Summ/Air       22%        N/A       21%         4
 Brom's Barrelling Bould  Conj/Erth      21%        2d4       22%         4
 Silence                  Hex/Air        10%        N/A       54%         5
 Alistair's Intoxication  Alch           6%         N/A       87%         5
 Curse of Agony           Necr           15%        N/A       87%         5
 Summon Hydra             Summ           6%         N/A       100%        7
 Sublimation of Blood     Necr           Unusable   N/A       N/A         2

Inventory:

Hand Weapons
 a - a +0 dagger
 k - a +2 whip of venom (weapon)
   (You took it off an orc on level 4 of the Dungeon)
Missiles
 p - 2 throwing nets {=f!f}
Armour
 b - a +0 robe (worn)
 e - a +2 pair of boots (worn)
   (You found it on level 2 of the Dungeon)
 i - a +0 hat of intelligence (worn)
   (You found it on level 1 of the Dungeon)
 m - a +0 cloak of preservation (worn)
   (You found it on level 5 of the Dungeon)
Magical Staves
 j - a staff of fire {!a}
   (You found it on level 3 of the Dungeon)
 o - a staff of earth {!a}
   (You took it off a gnoll on level 5 of the Dungeon)
Jewellery
 l - the necklace of Bloodlust {Fury *Rage Will++ Int-3 Slay+6}
   (You found it on level 7 of the Dungeon)

   [amulet of nothing]

   Fury:      It extends the wearer's berserk rage when killing foes.
   Int-3:     It affects your intelligence (-3).
   Slay+6:    It affects your accuracy & damage with ranged weapons and melee
   (+6).
   Will++:    It greatly increases your willpower.
   *Rage:     It berserks you when you make melee attacks (+50% chance).
 C - a ring of ice
   (You found it on level 8 of the Dungeon)
 I - a +6 ring of intelligence
   (You took it off an orc priest on level 7 of the Dungeon)
 R - a ring of resist corrosion
   (You took it off an orc warrior on level 7 of the Dungeon)
 W - a ring of magical power (left hand)
   (You found it on level 6 of the Dungeon)
Wands
 r - a wand of flame (19)
   (You took it off Joseph on level 7 of the Dungeon)
Scrolls
 c - a scroll of fear
 d - 2 scrolls of teleportation {@r4}
 f - 3 scrolls of poison {unknown}
 g - 2 scrolls of fog
 h - 3 scrolls of identify {@r1}
 n - 2 scrolls of amnesia
 q - a scroll of vulnerability {!r!r}
 s - a scroll of acquirement {unknown}

Dungeon Overview and Level Annotations

Branches:
Dungeon (8/15)             Temple (1/1) D:7
   Lair: D:8-11

Altars:
Ashenzari
Cheibriados
Dithmenos
Fedhas
Gozag
Hepliaklqana
Kikubaaqudgha
Okawaru
Qazlal
Ru
Sif Muna
Trog
Vehumet
Wu Jian

Annotations:
D:8 Erica

#...####..#####.........
#.........#..8#.#.......
#............_#.........
##........#..8#..)......
##.####..#####.........
###.####....<...........
#..........##...........
#.......................
#......@................
#######x.###...###......
...##.............
....##.)..##.......
..#####.#........... ...
#......##...... ....
.....###..##....# ...$
#########....#.#
#..........#


You could see Erica.


Message History

Press: ? - help, Shift-Dir - straight line, f/p - Erica
Aim: Erica, wielding a +2 scimitar of flaming, wearing a +5 ring of evasion and carrying a wand of paralysis (heavily wounded, 40% to hit)
The stone arrow misses Erica.
Erica zaps a wand.
You suddenly lose the ability to move!
Erica hits you with a +2 scimitar of flaming!!
Erica burns you. Erica grabs you. Erica constricts you.
Erica zaps a wand.
You resist with almost no effort. Erica constricts you.
Erica hits you with a +2 scimitar of flaming!
Erica burns you. Erica constricts you.
You can move again. 😮 HP[-41] MP[-2]
You take 41 damage, and now have 44/85 hp.
MASSIVE DAMAGE!! (PAUSE)
You lost 2 mp, and now have 20/33 mp.
Unknown command.
Unknown command.
Unknown command.
Unknown command.
Unknown command.
Unknown command.
Unknown command.
Unknown command.
Unknown command.
Unknown command.
Unknown command.
Unknown command.
Unknown command.
Casting: Stone Arrow (dangerous; 7% risk of failure)
Confirm with . or Enter, or press ? or * to list all spells.
Aiming: Stone Arrow (dangerous; 7% risk of failure)
Press: ? - help, Shift-Dir - straight line, f/p - Erica
Aim: Erica, wielding a +2 scimitar of flaming, wearing a +5 ring of evasion and carrying a wand of paralysis (heavily wounded, constricting you, 40% to hit)
The stone arrow misses Erica.
Erica barely misses you. Erica constricts you.
* * * LOW HITPOINT WARNING * * *
😨 HP[-3] MP[-3]
You take 3 damage, and now have 41/85 hp.
You lost 3 mp, and now have 17/33 mp.
Unknown command.
Casting: Stone Arrow (dangerous; 7% risk of failure)
Confirm with . or Enter, or press ? or * to list all spells.
Aiming: Stone Arrow (dangerous; 7% risk of failure)
Press: ? - help, Shift-Dir - straight line, f/p - Erica
Aim: Erica, wielding a +2 scimitar of flaming, wearing a +5 ring of evasion and carrying a wand of paralysis (heavily wounded, constricting you, 40% to hit)
The stone arrow hits Erica!
Erica hits you with a +2 scimitar of flaming.
* * * LOW HITPOINT WARNING * * *
Erica burns you.
* * * LOW HITPOINT WARNING * * *
Erica constricts you.
* * * LOW HITPOINT WARNING * * *
😨 HP[-11] MP[-3]
You take 11 damage, and now have 30/85 hp.
You lost 3 mp, and now have 14/33 mp.
Unknown command.
Casting: Stone Arrow (dangerous; 7% risk of failure)
Confirm with . or Enter, or press ? or * to list all spells.
Aiming: Stone Arrow (dangerous; 7% risk of failure)
Press: ? - help, Shift-Dir - straight line, f/p - Erica
Aim: Erica, wielding a +2 scimitar of flaming, wearing a +5 ring of evasion and carrying a wand of paralysis (severely wounded, constricting you, 40% to hit)
The stone arrow misses Erica.
Erica hits you with a +2 scimitar of flaming!
* * * LOW HITPOINT WARNING * * *
Erica burns you.
* * * LOW HITPOINT WARNING * * *
Erica constricts you.
* * * LOW HITPOINT WARNING * * *
😱 HP[-13] MP[-2]
You take 13 damage, and now have 17/85 hp.
You lost 2 mp, and now have 12/33 mp.
Unknown command.
Casting: Stone Arrow (dangerous; 7% risk of failure)
Confirm with . or Enter, or press ? or * to list all spells.
Aiming: Stone Arrow (dangerous; 7% risk of failure)
Press: ? - help, Shift-Dir - straight line, f/p - Erica
Aim: Erica, wielding a +2 scimitar of flaming, wearing a +5 ring of evasion and carrying a wand of paralysis (severely wounded, constricting you, 40% to hit)
You miscast Stone Arrow.
You are very lightly contaminated with residual magic.
Nothing appears to happen.
Erica casts a spell at you.
You feel yourself slow down. Erica constricts you.
* * * LOW HITPOINT WARNING * * *
😱 HP[-2] MP[-3]
You take 2 damage, and now have 15/85 hp.
You lost 3 mp, and now have 9/33 mp.
Unknown command.
Unknown command.
Casting: Stone Arrow (dangerous; 7% risk of failure)
Confirm with . or Enter, or press ? or * to list all spells.
Aiming: Stone Arrow (dangerous; 7% risk of failure)
Press: ? - help, Shift-Dir - straight line, f/p - Erica
Aim: Erica, wielding a +2 scimitar of flaming, wearing a +5 ring of evasion and carrying a wand of paralysis (severely wounded, constricting you, 40% to hit)
The stone arrow misses Erica.
Erica hits you with a +2 scimitar of flaming!
* * * LOW HITPOINT WARNING * * *
Erica burns you!
You die...
Erica begins burbling mirthfully and uncontrollably.

Skill      XL: |  1  2  3  4  5  6  7  8  9 10 |
---------------+-------------------------------+-----
Fighting       | 1 2 3 5 7 10 | 10.0
Spellcasting   | 5 6 7 10 | 10.0
Translocations | 1 2 |  2.8
Conjurations   | 2 4 5 |  5.0
Air Magic      | 2 3 5 |  5.0
Dodging        | 2 |  2.5
Stealth        | |  1.5
Summonings     | |  0.7
Invocations    | |  0.7

Action                     |  1- 3 |  4- 6 |  7- 9 | 10-12 || total
---------------------------+-------+-------+-------+-------++-------
  Melee: Dagger            |    43 |    77 |       |       ||   120
         Punch             |       |     3 |       |     2 ||     5
         Whip              |       |     3 |    20 |    49 ||    72
   Cast: Magic Dart        |   107 |   264 |   345 |    11 ||   727
         Stone Arrow       |       |       |    81 |    28 ||   109
    Use: Scroll            |       |     6 |     2 |       ||     8
   Stab: Confused          |       |       |       |     1 ||     1
 Armour: Robe              |    33 |    99 |   165 |    31 ||   328
  Dodge: Dodged            |    40 |   106 |   117 |    23 ||   286

Levels and vault maps discovered:
D:1:      psy_arrival_radial01, layout_basic
D:2:      cheibrodos_helix_gallery, layout_loops_ring,
          nicolae_ecumenical_lake_church, st_stairs_7, minmay_misc_feat_room,
          minmay_misc_feat_more_columns, uniq_jessica
D:3:      layout_loops_ring, serial_bayou_lake_a
D:4:      layout_cave_pools, trog_book
D:5:      layout_gridville
D:6:      layout_loops_corners, gup_sewer_entry_spiral
D:7:      layout_basic, lemuel_crystal_altar, mainiacjoe_overflow_boulevard,
          minmay_temple_entry_overgrown, corexii_item_surrounded_by_moat,
          minmay_misc_feat_columns, chequers_garden, uniq_crazy_yiuf_cottage,
          uniq_joseph
D:8:      layout_rooms, grunt_gozag_breadcrumbs, minmay_tree_intersection,
          serial_bayou_crossing, uniq_erica, uniq_gastronok
Temple:   hellmonk_temple_forest_ring

Notes
Turn   | Place    | Note
-------+----------+-------------------------------------------
     0 | D:1      | FaerieMacabre the Mummy Hedge Wizard began the quest for
                  | the Orb.
     0 | D:1      | Reached XP level 1. HP: 13/13 MP: 5/5
     0 | D:1      | magus.rc [v1.11.3]
   316 | D:1      | Reached skill level 1 in Fighting
   351 | D:1      | Reached XP level 2. HP: 21/21 MP: 5/7
  1332 | D:1      | Reached XP level 3. HP: 25/27 MP: 5/9
  1750 | D:2      | Reached skill level 2 in Fighting
  1756 | D:2      | Reached skill level 5 in Spellcasting
  1759 | D:2      | Learned a level 2 spell: Blink
  2002 | D:2      | Noticed Jessica
  2011 | D:2      | Reached skill level 1 in Translocations
  2014 | D:2      | Killed Jessica
  2015 | D:2      | Reached XP level 4. HP: 25/34 MP: 0/11
  2765 | D:2      | Reached skill level 2 in Translocations
  2765 | D:2      | Reached XP level 5. HP: 39/39 MP: 7/12
  3051 | D:2      | Found a faded altar of an unknown god.
  3499 | D:3      | You pick up a book of Blood and begin reading...
  3541 | D:3      | HP: 6/39 [burnt (7)]
  3894 | D:3      | Reached skill level 3 in Fighting
  4090 | D:3      | HP: 6/41 [burnt (6)]
  4830 | D:3      | Reached XP level 6. HP: 15/47 MP: 0/14
  4995 | D:4      | You pick up a book of Geomancy and begin reading...
  4995 | D:4      | You add the spells Sandblast, Passwall, Stone Arrow and
                  | Brom's Barrelling Boulder to your library.
  4999 | D:4      | You pick up a book of Party Tricks and begin reading...
  4999 | D:4      | You add the spells Apportation, Jinxbite and Alistair's
                  | Intoxication to your library.
  5257 | D:4      | Reached skill level 1 in Conjurations
  5509 | D:4      | You pick up a book of the Senses and begin reading...
  5509 | D:4      | You add the spells Dazzling Flash, Curse of Agony and
                  | Silence to your library.
  5582 | D:4      | Found a bloodstained altar of Trog.
  5819 | D:5      | Entered Level 5 of the Dungeon
  5971 | D:5      | Reached skill level 6 in Spellcasting
  5971 | D:5      | Reached skill level 1 in Air Magic
  6110 | D:5      | HP: 6/47 [gnoll/+0 spear (7)]
  6112 | D:5      | Reached skill level 2 in Conjurations
  6180 | D:5      | Reached skill level 2 in Air Magic
  6296 | D:5      | Reached XP level 7. HP: 52/52 MP: 10/16
  6843 | D:4      | Reached skill level 3 in Conjurations
  6944 | D:4      | Learned a level 3 spell: Stone Arrow
  7283 | D:5      | Reached skill level 3 in Air Magic
  7452 | D:5      | You pick up a book of Storms and begin reading...
  7452 | D:5      | You add the spells Static Discharge, Airstrike and Summon
                  | Lightning Spire to your library.
  8223 | D:6      | Reached skill level 4 in Conjurations
  8223 | D:6      | Reached XP level 8. HP: 58/58 MP: 11/17
  8330 | D:6      | Reached skill level 4 in Air Magic
  9966 | D:7      | Found the necklace of Bloodlust {Fury *Rage Will++ Int-3
                  | Slay+6}
  9980 | D:7      | Reached skill level 5 in Conjurations
  9980 | D:7      | Reached skill level 5 in Air Magic
 10307 | D:7      | You pick up a book of Cantrips and begin reading...
 10307 | D:7      | You add the spells Sting, Necrotise and Summon Small Mammal
                  | to your library.
 10308 | D:7      | Found a staircase to the Ecumenical Temple.
 10318 | D:7      | Reached skill level 4 in Fighting
 10442 | D:7      | Reached skill level 7 in Spellcasting
 10677 | D:7      | Noticed Joseph
 10683 | D:7      | Killed Joseph
 10684 | D:7      | Reached skill level 5 in Fighting
 10684 | D:7      | Reached XP level 9. HP: 38/68 MP: 10/20
 10892 | D:7      | Found a radiant altar of Vehumet.
 10898 | D:7      | Identified the +4 buckler "Aqull" {rF++ Str+3}
 10902 | D:7      | Reached skill level 8 in Spellcasting
 11036 | D:7      | Found a shimmering blue altar of Sif Muna.
 11047 | D:7      | You pick up a book of Debilitation and begin reading...
 11047 | D:7      | You add the spells Sigil of Binding, Vampiric Draining and
                  | Confusing Touch to your library.
 11134 | D:7      | Found a runed translucent door.
 11135 | D:7      | Noticed Crazy Yiuf
 11410 | D:7      | Killed Crazy Yiuf
 11547 | Temple   | Entered the Ecumenical Temple
 11559 | Temple   | Became a worshipper of Hepliaklqana the Forgotten
 11623 | D:8      | Noticed a two-headed ogre
 11639 | D:8      | Killed a two-headed ogre
 11640 | D:8      | Reached skill level 6 in Fighting
 11640 | D:8      | Reached skill level 9 in Spellcasting
 11805 | D:8      | Reached skill level 7 in Fighting
 12005 | D:8      | HP: 17/72 [killer bee (7)]
 12224 | D:8      | Reached skill level 10 in Spellcasting
 12656 | D:8      | Reached XP level 10. HP: 80/80 MP: 24/24
 12662 | D:8      | Reached skill level 8 in Fighting
 12791 | D:8      | Noticed Gastronok
 12813 | D:8      | Noticed a sun demon
 12816 | D:8      | Killed Gastronok
 12817 | D:8      | Reached skill level 9 in Fighting
 12838 | D:8      | Reached skill level 10 in Fighting
 12838 | D:8      | Reached skill level 2 in Dodging
 13074 | D:8      | Found an opulent altar of Gozag.
 13106 | D:8      | Noticed Erica
 13113 | D:8      | Paralysed by Erica for 4 turns
 13119 | D:8      | HP: 19/85 [Erica/+2 scimitar of flaming (3)]
 13121 | D:8      | HP: 1/85 [Erica/+2 scimitar of flaming (15)]
 13121 | D:8      | Mangled by Erica

Vanquished Creatures
  Gastronok (D:8)
  A two-headed ogre (D:8)
  Joseph (D:7)
  2 kobold demonologists (D:8)
  A water moccasin (D:8)
  3 orc warriors
  2 ice beasts
  3 black bears
  2 centaurs
  A phantom (D:5)
  3 kobold brigands
  2 bullfrogs
  A gnoll sergeant (D:5)
  7 wights
  5 killer bees
  A howler monkey (D:7)
  A jelly (D:6)
  4 orc priests
  Crazy Yiuf (D:7)
  3 bombardier beetles
  5 hounds
  Jessica (D:2)
  3 iguanas
  10 orc wizards
  15 gnolls
  13 adders
  3 shadow imps
  7 dart slugs
  A ribbon worm (D:6)
  43 orcs
  3 bats
  10 endoplasms
  5 giant cockroaches
  8 goblins
  7 hobgoblins
  4 jackals
  4 quokkas
  8 ball pythons
  6 frilled lizards
  18 kobolds
  2 rats (D:1)
221 creatures vanquished.

Vanquished Creatures (others)
  An orc wizard (D:7)
1 creature vanquished.

Grand Total: 222 creatures vanquished

Table legend:
 A = Non-vault XP
 B = Vault XP
 C = Vault XP percentage of total XP
 D = Non-vault monster count
 E = Vault monster count
 F = Vault count percentage of total count
                 A         B        C        D         E       F
            +---------+---------+-------+---------+---------+-------
      Total |    6230 |    2009 |  24.4 |     208 |      14 |   6.3
            +---------+---------+-------+---------+---------+-------
        D:1 |      46 |       0 |   0.0 |      28 |       0 |   0.0
        D:2 |      98 |      67 |  40.6 |      21 |       5 |  19.2
        D:3 |     170 |       0 |   0.0 |      16 |       0 |   0.0
        D:4 |     137 |       0 |   0.0 |      22 |       0 |   0.0
        D:5 |     863 |       0 |   0.0 |      30 |       0 |   0.0
        D:6 |     581 |      26 |   4.3 |      24 |       6 |  20.0
        D:7 |    1343 |     487 |  26.6 |      39 |       2 |   4.9
        D:8 |    2992 |    1429 |  32.3 |      28 |       1 |   3.4
            +---------+---------+-------+---------+---------+-------

Skill      XL: |  1  2  3  4  5  6  7  8  9 10 |
---------------+-------------------------------+-----
Fighting       | 1 2 3 5 7 10 | 10.0
Spellcasting   | 5 6 7 10 | 10.0
Translocations | 1 2 |  2.8
Conjurations   | 2 4 5 |  5.0
Air Magic      | 2 3 5 |  5.0
Dodging        | 2 |  2.5
Stealth        | |  1.5
Summonings     | |  0.7
Invocations    | |  0.7

Action                     |  1- 3 |  4- 6 |  7- 9 | 10-12 || total
---------------------------+-------+-------+-------+-------++-------
  Melee: Dagger            |    43 |    77 |       |       ||   120
         Punch             |       |     3 |       |     2 ||     5
         Whip              |       |     3 |    20 |    49 ||    72
   Cast: Magic Dart        |   107 |   264 |   345 |    11 ||   727
         Stone Arrow       |       |       |    81 |    28 ||   109
    Use: Scroll            |       |     6 |     2 |       ||     8
   Stab: Confused          |       |       |       |     1 ||     1
 Armour: Robe              |    33 |    99 |   165 |    31 ||   328
  Dodge: Dodged            |    40 |   106 |   117 |    23 ||   286

Illustrated notes

Table legend:
 A = Kills in this place as a percentage of kills in the entire game.
 B = Kills by you in this place as a percentage of kills by you in the entire game.
 C = Kills by friends in this place as a percentage of kills by friends in the entire game.
 D = Other kills in this place as a percentage of other kills in the entire game.
 E = Experience gained in this place as a percentage of experience gained in the entire game.
 F = Experience gained in this place divided by the number of levels of this place that you have seen.
                   A       B       C       D       E      F
               +-------+-------+-------+-------+-------+----------------------
         Total | 100.0 | 100.0 |   N/A | 100.0 | 100.0 | 915.4
       Dungeon | 100.0 | 100.0 |   N/A | 100.0 | 100.0 | 1029.9
               +-------+-------+-------+-------+-------+----------------------

Table legend: (Time is in decaauts)
 A = Elapsed time spent in this place.
 B = Non-inter-level travel time spent in this place.
 C = Inter-level travel time spent in this place.
 D = Time resting spent in this place.
 E = Time spent auto-exploring this place.
 F = Levels seen in this place.
 G = Mean time per level.
                   A        B        C        D        E       F      G
               +--------+--------+--------+--------+--------+-----+--------+
         Total |  13201 |  12665 |    536 |   1340 |   9567 |   9 | 1466.8 |
       Dungeon |  13177 |  12664 |    513 |   1340 |   9567 |   8 | 1647.1 |
        Temple |     23 |      1 |     22 |      0 |      0 |   1 |   23.0 |
               +--------+--------+--------+--------+--------+-----+--------+

Top non-repeatable levels by time:
     D:7: 2230 daAuts
     D:6: 1839 daAuts
     D:5: 1833 daAuts
     D:1: 1741 daAuts
     D:2: 1653 daAuts
     D:3: 1592 daAuts
     D:4: 1198 daAuts
     D:8: 1088 daAuts
  Temple: 23 daAuts
